 Dungeon Sprint DCSS version 0.28-a0-589-g333b8329f1 (webtiles) character file.

Game seed: 1066518102493641167

27126 SkeletonJelly the Warrior (level 13, -3/161 HPs)
             Began as an Ogre Gladiator on Oct 4, 2021.
             Was a High Priest of Okawaru.
             Slain by a nagaraja (16 damage)
             ... in the Dungeon (Sprint IX: "|||||||||||||||||||||||||||||").
             The game lasted 00:12:51 (4763 turns).

SkeletonJelly the Warrior (Ogre Gladiator)          Turns: 4763, Time: 00:12:52

Health: -3/161     AC: 22    Str: 29    XL:     13   Next: 30%
Magic:  15/20      EV: 13    Int:  9    God:    Okawaru [*****.]
Gold:   1395       SH:  0    Dex: 16    Spells: 12/12 levels left

rFire   . . .      SeeInvis .   u - +4 dire flail "Wosama" {venom, Str+4}
rCold   . . .      Faith    .   (shield currently unavailable)
rNeg    . . .      Spirit   .   M - +0 shadow dragon scales
rPois   .          Reflect  .   c - +0 hat
rElec   .          Harm     .   z - +0 cloak {Stlth+}
rCorr   .          Rampage  .   (gloves unavailable)
Will    +....      NoTele   +   (boots unavailable)
Stlth   +++++.....              (no amulet)
HPRegen 0.36/turn               o - +3 ring of dexterity
MPRegen 0.17/turn               p - +3 ring of dexterity

@: mighty, heroic, finesse-ful, constricted
A: large, unfitting armour, tough skin 1
a: Renounce Religion, Heroism, Finesse


You were in the Dungeon.
You worshipped Okawaru.
Okawaru was extremely pleased with you.
You visited 1 branch You collected 1918 gold pieces.
You spent 523 gold pieces at shops.

Inventory:

Hand Weapons
 a - a +0 flail
 f - a +0 giant club
 m - a +1 broad axe of freezing
 n - a +2 vorpal morningstar
 u - the +4 dire flail "Wosama" (weapon) {venom, Str+4}
   (Okawaru gifted it to you in the Dungeon)

   It poisons the flesh of those it strikes.
   Str:       It affects your strength (+4).
 J - a +1 giant spiked club
 K - a +3 broad axe
Missiles
 d - 3 throwing nets
 t - 4 atropa-tipped darts
 x - 9 large rocks
 y - 3 silver javelins (quivered)
 P - 6 javelins
Armour
 b - a +0 robe
 c - a +0 hat (worn)
 w - a +1 robe of willpower
 z - a +0 cloak of stealth (worn)
 L - +0 swamp dragon scales
 M - +0 shadow dragon scales (worn)
 N - +1 ice dragon scales
 Q - the +2 tower shield "Cuehich" {rPois}
   (Okawaru gifted it to you in the Dungeon)

   rPois:     It protects you from poison.
Jewellery
 o - a +3 ring of dexterity (left hand)
 p - a +3 ring of dexterity (right hand)
 F - a ring of willpower
 G - a ring of protection from cold
 H - a ring of protection from cold
 I - a ring of poison resistance
Wands
 l - a wand of iceblast (18)
Scrolls
 j - 3 scrolls of blinking
 k - 2 scrolls of amnesia
 r - 4 scrolls of enchant armour
 s - 4 scrolls of enchant weapon
 A - 2 scrolls of identify
 B - a scroll of fog
 D - a scroll of vulnerability
 E - a scroll of immolation
 O - 2 scrolls of fear
Potions
 e - 6 potions of curing
 g - 6 potions of heal wounds
 h - 4 potions of magic
 i - 2 potions of brilliance
 q - 2 potions of might
 v - a potion of flight {unknown}
 C - a potion of cancellation


   Skills:
 - Level 18.9(23.9) Fighting
 - Level 18.0(23.0) Maces & Flails
 - Level 2.0(7.0) Throwing
 + Level 15.8(20.8) Armour
 - Level 13.9(18.9) Dodging
 - Level 10.0 Invocations


You had 12 spell levels left.
You didn't know any spells.
Your spell library was empty.

Dungeon Overview and Level Annotations

Branches:
Dungeon (1/1)

Altars:
Cheibriados
Dithmenos
Elyvilon
Fedhas
Gozag
Hepliaklqana
Kikubaaqudgha
Makhleb
Nemelex Xobeh
Okawaru
Qazlal
Ru
Sif Muna
Trog
Uskayaw
Vehumet
Wu Jian
Xom
Yredelemnul
Zin
The Shining One
Beogh
Jiyva
Lugonu

Shops:
D (:*[


Innate Abilities, Weirdness & Mutations

You are too large for most types of armour.
You have tough skin. (AC +1)


Message History

You feel sick.
The naga sharpshooter mumbles some strange words.
The naga sharpshooter magically shoots an arrow.
The arrow hits you!
You take 15 damage, and have 109/161 hp.
You closely miss the naga sharpshooter.
The naga sharpshooter is almost dead.
You impale the naga sharpshooter!!
You kill the naga sharpshooter!
Okawaru accepts your kill.
You feel sick.
The shock serpent shoots out a bolt of lightning at you!
The bolt of electricity hits you! The shock serpent bites you!
The shock serpent shocks you!
Things that are here:
a +0 shortbow; a +0 morningstar; 18 arrows You are too injured to fight recklessly!
You take 32 damage, and have 77/161 hp.
You are too injured to fight recklessly!
You are too injured to fight recklessly!
You are too injured to fight recklessly!
You are too injured to fight recklessly!
You are too injured to fight recklessly!
You are too injured to fight recklessly!
You closely miss the shock serpent.
You feel sick.
You puncture the shock serpent!
The shock serpent looks as sick as possible!
The shock serpent is lightly wounded.
The shock serpent's electric aura discharges, shocking you!
You take 7 damage, and have 70/161 hp.
You sock the shock serpent!
The shock serpent looks as sick as possible!
The shock serpent is moderately wounded.
The shock serpent's electric aura discharges, shocking you!
The shock serpent completely misses you.
You closely miss the shock serpent.
The shock serpent is moderately wounded.
You thump the shock serpent!
The shock serpent is severely wounded.
The shock serpent's electric aura discharges, shocking you!
You feel sick.
You are no longer poisoned.
The naga mage gestures at the naga mage while chanting.
The naga mage seems to grow toxic.
The shock serpent misses you.
You take 17 damage, and have 53/161 hp.
You perforate the shock serpent like a sieve!!!
You kill the shock serpent!
Okawaru accepts your kill.
The air sparks with electricity, shocking you!
* * * LOW HITPOINT WARNING * * *
You take 5 damage, and have 48/161 hp.
You closely miss the naga mage. You puncture the naga mage!
The naga mage is heavily wounded.
Okay, then.
Unknown command.
You closely miss the naga mage.
The naga mage is heavily wounded.
The naga mage points at the naga mage and mumbles some strange words.
The naga mage seems to grow toxic.
You barely miss the naga mage.
The naga mage is heavily wounded.
You hit the naga mage but do no damage.
The naga mage is heavily wounded.
You pound the naga mage like an anvil!!!
You kill the naga mage!
Okawaru accepts your kill.
The nagaraja points at you and mumbles some strange words.
The bolt of poison hits the naga mage!
The bolt of poison hits you!!
You are poisoned.
* * * LOW HITPOINT WARNING * * *
You take 25 damage, and have 24/161 hp.
* * * LOW HITPOINT WARNING * * *
You feel very sick. The naga mage casts a spell at you.
The bolt of poison misses you.
The nagaraja hits you from afar with a +0 spear.
* * * LOW HITPOINT WARNING * * *
The naga mage closely misses you. The naga mage grabs you.
The naga mage constricts you.
* * * LOW HITPOINT WARNING * * *
You see here a +0 club.
You closely miss the naga mage.
The naga mage is moderately wounded.
* * * LOW HITPOINT WARNING * * *
You feel sick.
The nagaraja hits you but does no damage.
You take 13 damage, and have 11/161 hp.
You feel better.
The naga mage points at the nagaraja and mumbles some strange words.
The nagaraja seems to grow toxic.
The naga mage constricts you.
* * * LOW HITPOINT WARNING * * *
The nagaraja hits you from afar with a +0 spear!
* * * LOW HITPOINT WARNING * * *
The naga mage spits poison at you. The splash of poison misses you.
The naga mage constricts you.
You regained 2 hp, and now have 13/161 hp.
You feel very mighty all of a sudden.
The nagaraja hits you from afar with a +0 spear!
You die...

.'))))).)))....'))))))).....)).))
▓▓▓▓▓▓▓▓▓▓▓▓▓▓▓▓▓▓▓▓▓▓▓▓▓▓▓▓▓▓▓▓▓
.................................
▓▓▓▓▓▓▓▓▓▓▓▓▓▓▓▓▓▓▓▓▓▓▓▓▓▓▓▓▓▓▓▓▓
...)).))).).[.[[.[.[..........'÷)
▓▓▓▓▓▓▓▓▓▓▓▓▓▓▓▓▓▓▓▓▓▓▓▓▓▓▓▓▓▓▓▓▓
.................................
▓▓▓▓▓▓▓▓▓▓▓▓▓▓▓▓▓▓▓▓▓▓▓▓▓▓▓▓▓▓▓▓▓
...'†).†.)...'))@NNSS..+
▓▓▓▓▓▓▓▓▓▓▓▓▓▓▓▓▓▓▓▓▓▓▓▓


You could see a nagaraja (fast, curare), 2 black mambas and a naga mage (fast,
curare, catching breath).

Vanquished Creatures
  A fire giant (D)
  3 very ugly things (D)
  Snorg (D)
  2 merfolk impalers (D)
  A rakshasa (D)
  A hydra (D)
  An anaconda (D)
  2 boulder beetles (D)
  A centaur warrior (D)
  A two-headed ogre (D)
  A naga sharpshooter (D)
  A shock serpent (D)
  A salamander mystic (D)
  2 sea snakes (D)
  A mana viper (shapeshifter) (D)
  A necromancer (D)
  A cyclops (D)
  An ugly thing (D)
  9 orc knights (D)
  A manticore (D)
  A merfolk siren (D)
  A black mamba (D)
  Joseph (D)
  A naga mage (D)
  A water nymph (D)
  A torpor snail (D)
  Psyche (D)
  3 cane toads (D)
  A komodo dragon (D)
  A troll (D)
  A meliai (D)
  A polar bear (D)
  A wind drake (D)
  A hornet (D)
  A blink frog (D)
  A slime creature (D)
  3 wyverns (D)
  2 water elementals (D)
  A basilisk (D)
  2 yaks (D)
  Grum (D)
  Eustachio (D)
  2 vampire mosquitoes (D)
  3 hell hounds (D)
  A warg (D)
  3 water moccasins (D)
  15 orc warriors (D)
  A boggart (D)
  8 wolves (D)
  2 bullfrogs (D)
  A scorpion (D)
  A killer bee (D)
  2 hounds (D)
  4 orc priests (D)
  9 orc wizards (D)
  3 orcs (D)
  An endoplasm (D)
  A giant cockroach (D)
  A quokka (D)
  A ball python skeleton (D)
  A ball python zombie (D)
  A bat (D)
  2 frilled lizards (D)
124 creatures vanquished.

Notes
Turn   | Place    | Note
-------+----------+-------------------------------------------
     0 | D        | SkeletonJelly the Ogre Gladiator began the quest for the
                  | Orb.
     0 | D        | Reached XP level 1. HP: 22/22 MP: 1/1
    60 | D        | Noticed a hound
    60 | D        | Noticed a scorpion
    60 | D        | Noticed a hound
    71 | D        | Killed a hound
    72 | D        | Reached XP level 2. HP: 17/33 MP: 2/2
    72 | D        | Reached XP level 3. HP: 22/41 MP: 3/3
    74 | D        | Killed a scorpion
    75 | D        | Reached XP level 4. HP: 28/52 MP: 4/4
    81 | D        | Reached skill level 5 in Dodging
    81 | D        | Reached XP level 5. HP: 28/61 MP: 5/5
   275 | D        | Found a snail-covered altar of Cheibriados.
   275 | D        | Found a shadowy altar of Dithmenos.
   275 | D        | Found a white marble altar of Elyvilon.
   275 | D        | Found a blossoming altar of Fedhas.
   275 | D        | Found an opulent altar of Gozag.
   276 | D        | Found a hazy altar of Hepliaklqana.
   277 | D        | Found a viscous altar of Jiyva.
   278 | D        | Found an ancient bone altar of Kikubaaqudgha.
   279 | D        | Found a corrupted altar of Lugonu.
   280 | D        | Found a burning altar of Makhleb.
   281 | D        | Found a sparkling altar of Nemelex Xobeh.
   282 | D        | Found an iron altar of Okawaru.
   283 | D        | Found a stormy altar of Qazlal.
   284 | D        | Found a sacrificial altar of Ru.
   285 | D        | Found a shimmering blue altar of Sif Muna.
   286 | D        | Found a bloodstained altar of Trog.
   287 | D        | Found a hide-covered altar of Uskayaw.
   288 | D        | Found a radiant altar of Vehumet.
   289 | D        | Found an ornate altar of the Wu Jian Council.
   290 | D        | Found a shimmering altar of Xom.
   292 | D        | Became a worshipper of Warmaster Okawaru
   294 | D        | Found a basalt altar of Yredelemnul.
   295 | D        | Found a glowing silver altar of Zin.
   296 | D        | Found a glowing golden altar of the Shining One.
   325 | D        | Noticed a hornet
   325 | D        | Noticed a troll
   325 | D        | Noticed a wyvern
   333 | D        | Killed a hornet
   333 | D        | Reached * piety under Okawaru
   334 | D        | Reached XP level 6. HP: 50/75 MP: 6/6
   338 | D        | Killed a troll
   338 | D        | Reached ** piety under Okawaru
   339 | D        | Reached skill level 10 in Fighting
   339 | D        | Reached skill level 10 in Maces & Flails
   339 | D        | Reached XP level 7. HP: 33/85 MP: 7/7
   343 | D        | Killed a wyvern
   365 | D        | Noticed a meliai
   365 | D        | Noticed a two-headed ogre
   365 | D        | Noticed a manticore
   365 | D        | Noticed a vampire mosquito
   365 | D        | Noticed a boulder beetle
   365 | D        | Noticed a vampire mosquito
   372 | D        | Killed a meliai
   372 | D        | Reached *** piety under Okawaru
   373 | D        | Reached skill level 5 in Invocations
   373 | D        | Reached XP level 8. HP: 73/97 MP: 5/12
   378 | D        | Killed a two-headed ogre
   379 | D        | Reached skill level 10 in Invocations
   721 | D        | Killed a manticore
   721 | D        | Reached **** piety under Okawaru
   722 | D        | Reached XP level 9. HP: 89/106 MP: 13/16
  1094 | D        | Killed a boulder beetle
  1231 | D        | Noticed a cane toad
  1231 | D        | Noticed a cane toad
  1231 | D        | Noticed a cane toad
  1231 | D        | Noticed a seven-headed hydra
  1239 | D        | Killed a cane toad
  1239 | D        | Received a gift from Okawaru
  1241 | D        | Noticed a polar bear
  1243 | D        | Reached skill level 10 in Dodging
  1244 | D        | Killed a cane toad
  1244 | D        | Received a gift from Okawaru
  1245 | D        | Reached XP level 10. HP: 119/120 MP: 10/17
  1248 | D        | Killed a seven-headed hydra
  1252 | D        | Killed a cane toad
  1572 | D        | Noticed a torpor snail
  1576 | D        | Noticed a black mamba
  1581 | D        | Reached skill level 15 in Fighting
  1581 | D        | Reached skill level 15 in Maces & Flails
  1584 | D        | Received a gift from Okawaru
  1588 | D        | Killed a torpor snail
  1590 | D        | Reached ***** piety under Okawaru
  1596 | D        | Killed a black mamba
  1905 | D        | Reached XP level 11. HP: 128/135 MP: 10/18
  2043 | D        | Noticed Psyche
  2049 | D        | Killed Psyche
  2125 | D        | Noticed Eustachio
  2171 | D        | Killed Eustachio
  2171 | D        | Received a gift from Okawaru
  2371 | D        | Noticed an orc knight
  2372 | D        | Noticed an orc knight
  2380 | D        | Killed an orc knight
  2388 | D        | Killed an orc knight
  2391 | D        | Identified the +4 dire flail "Wosama" {venom, Str+4}
                  | (Okawaru gifted it to you in the Dungeon)
  2391 | D        | Received a gift from Okawaru
  2799 | D        | Found Ciwoxog's Weapon Emporium.
  2799 | D        | Noticed an orc knight
  2799 | D        | Noticed an orc knight
  2799 | D        | Noticed an orc knight
  2810 | D        | Killed an orc knight
  2813 | D        | Killed an orc knight
  2818 | D        | Killed an orc knight
  2821 | D        | Found Qizaly's Book Shoppe.
  3010 | D        | Found Awurothroni's General Store.
  3014 | D        | Found Cicetul's Armour Shoppe.
  3016 | D        | Noticed an orc knight
  3018 | D        | Noticed an orc knight
  3019 | D        | Noticed an orc knight
  3023 | D        | Killed an orc knight
  3033 | D        | Killed an orc knight
  3043 | D        | Killed an orc knight
  3047 | D        | HP: 5/143 [orc warrior (14)]
  3618 | D        | Bought a +0 cloak of stealth for 115 gold pieces
  3633 | D        | Bought a scroll of identify for 24 gold pieces
  3633 | D        | Bought a scroll of fog for 24 gold pieces
  3633 | D        | Bought a potion of cancellation for 96 gold pieces
  3633 | D        | Bought a scroll of vulnerability for 90 gold pieces
  3633 | D        | Bought a scroll of immolation for 42 gold pieces
  3633 | D        | Bought a wand of iceblast (7) for 132 gold pieces
  3670 | D        | Noticed Grum
  3680 | D        | Killed Grum
  3681 | D        | Reached XP level 12. HP: 131/153 MP: 19/19
  3886 | D        | Noticed a centaur warrior
  3886 | D        | Noticed a boulder beetle
  3903 | D        | Killed a centaur warrior
  3908 | D        | Reached skill level 5 in Armour
  3909 | D        | Noticed a fire giant
  3918 | D        | Killed a boulder beetle
  3919 | D        | Noticed a purple very ugly thing
  3936 | D        | Killed a fire giant
  3936 | D        | Reached ****** piety under Okawaru
  3936 | D        | Received a gift from Okawaru
  3938 | D        | Noticed a brown very ugly thing
  3941 | D        | Noticed a brown very ugly thing
  3944 | D        | Noticed a rakshasa
  3947 | D        | Killed a red very ugly thing
  3948 | D        | Reached skill level 10 in Armour
  3959 | D        | Killed a red very ugly thing
  3959 | D        | Identified the +2 tower shield "Cuehich" {rPois} (Okawaru
                  | gifted it to you in the Dungeon)
  3959 | D        | Received a gift from Okawaru
  3971 | D        | Killed a brown very ugly thing
  3994 | D        | Killed a rakshasa
  4358 | D        | Noticed Snorg
  4359 | D        | Noticed Joseph
  4372 | D        | Killed Snorg
  4375 | D        | Killed Joseph
  4607 | D        | Noticed a merfolk impaler
  4607 | D        | Noticed a merfolk impaler
  4627 | D        | Reached XP level 13. HP: 147/161 MP: 13/20
  4628 | D        | Killed a merfolk impaler
  4635 | D        | Killed a merfolk impaler
  4739 | D        | Reached skill level 15 in Armour
  4739 | D        | Noticed a nagaraja
  4763 | D        | Slain by a nagaraja

Illustrated notes

Levels and vault maps discovered:
D:        linesprint [early_d, line_temple, items_1, d_10, items_2, lair_1,
          lair_end, items_3, orc_1, orc_end, items_4, d_15, swamp_1, shoals_1,
          snake_1, spider_1, d_20, vaults_1, items_5, swamp_end, shoals_end,
          snake_end, spider_end, vaults_end, d_27, items_6, zot_1, zot_end,
          crypt_end, forest_end, elf_end, slime_end, tomb_end, abyss_end,
          pan_hell_end]

Skill      XL: |  1  2  3  4  5  6  7  8  9 10 11 12 13 |
---------------+----------------------------------------+-----
Fighting       | 4 6 9 10 11 12 13 15 18 | 18.9
Maces & Flails | 4 6 9 10 11 12 13 15 18 | 18.0
Dodging        | 3 4 5 6 7 8 10 11 13 | 13.9
Invocations    | 5 10 | 10.0
Armour         | 13 15 | 15.8
Throwing       | |  2.0

Action                   |  1- 3 |  4- 6 |  7- 9 | 10-12 | 13-15 || total
-------------------------+-------+-------+-------+-------+-------++-------
Melee: Flail             |    23 |     7 |       |       |       ||    30
       Morningstar       |       |    11 |    68 |   109 |       ||   188
       Punch             |       |       |       |     4 |       ||     4
       Dire flail        |       |       |       |   173 |    41 ||   214
Throw: Javelin           |       |       |       |    20 |     2 ||    22
Invok: Heroism           |       |       |     7 |     9 |     1 ||    17
       Finesse           |       |       |     3 |     8 |     1 ||    12
Evoke: Wand              |       |       |     7 |       |       ||     7
  Use: Potion            |     1 |     2 |     3 |       |     2 ||     8
       Scroll            |       |       |     1 |       |       ||     1
 Stab: Invisible         |       |     2 |     8 |       |       ||    10
Armor: Robe              |     5 |     3 |     6 |     5 |       ||    19
       Shadow dragon sca |       |       |       |    19 |     8 ||    27
Dodge: Dodged            |    12 |    17 |    52 |   111 |    12 ||   204

Table legend: (Time is in decaauts)
 A = Elapsed time spent in this place.
 B = Non-inter-level travel time spent in this place.
 C = Inter-level travel time spent in this place.
 D = Time resting spent in this place.
 E = Time spent auto-exploring this place.
 F = Levels seen in this place.
 G = Mean time per level.
                   A        B        C        D        E       F      G
               +--------+--------+--------+--------+--------+-----+--------+
         Total |   4535 |   4535 |      0 |      0 |   3729 |   1 | 4535.0 |
       Dungeon |   4535 |   4535 |      0 |      0 |   3729 |   1 | 4535.0 |
               +--------+--------+--------+--------+--------+-----+--------+

Top non-repeatable levels by time:
       D: 4535 daAuts
